 Dungeon Crawl Stone Soup version 0.26.1-11-gd32895ea62 (webtiles) character file.

Game seed: 13254518854649291302

476 Almogavar the Chopper (level 7, -4/61 HPs)
             Began as a Hill Orc Berserker on May 12, 2021.
             Was a Priest of Trog.
             Slain by an ogre
             ... wielding a cursed -3 giant spiked club
              (26 damage)
             ... on level 5 of the Dungeon.
             The game lasted 00:08:17 (3849 turns).

Almogavar the Chopper (Hill Orc Berserker)          Turns: 3849, Time: 00:08:18

Health: -4/61      AC:  7    Str: 22    XL:     7   Next: 10%
Magic:  7/7        EV: 11    Int:  7    God:    Trog [***...]
Gold:   378        SH:  0    Dex: 10    Spells: 6/6 levels left

rFire    + . .     SeeInvis .   a - +0 hand axe
rCold    + . .     Faith    .   (no shield)
rNeg     . . .     Spirit   .   r - +0 ring mail
rPois    .         Reflect  .   g - +0 helmet
rElec    .         Harm     .   s - scarf {rC+ rF+}
rCorr    +         Rampage  .   (no gloves)
Will     .....                  (no boots)
Stlth    ++........             (no amulet)
HPRegen  0.20/turn              C - ring of resist corrosion
MPRegen  0.10/turn              m - ring of stealth

@: no status effects
A: no striking features
a: Renounce Religion, Berserk, Trog's Hand


You were on level 5 of the Dungeon.
You worshipped Trog.
Trog was most pleased with you.
You visited 1 branch of the dungeon, and saw 5 of its levels.

You collected 378 gold pieces.

Inventory:

Hand Weapons
 a - a +0 hand axe (weapon)
 n - a +0 flail of protection
 v - a +0 hunting sling
Missiles
 d - 111 sling bullets
 e - 168 stones
 h - 19 poisoned darts
 j - 63 bolts
 t - 50 arrows
Armour
 b - a +0 chain mail
 g - a +0 helmet (worn)
 r - a +0 ring mail (worn)
 s - a scarf of resistance (worn)
 B - a +0 buckler
Jewellery
 i - an uncursed ring of flight
 m - a ring of stealth (right hand)
 C - a ring of resist corrosion (left hand)
Scrolls
 p - 2 scrolls of teleportation
 q - a scroll of fog
 w - 2 scrolls of remove curse
 x - a scroll of enchant weapon {unknown}
 y - a scroll of amnesia {unknown}
 A - a scroll of noise {unknown}
Potions
 c - 2 potions of resistance
 f - 2 potions of heal wounds
 k - 4 potions of haste
 l - a potion of flight {unknown}
 o - a potion of lignification {unknown}
 u - a potion of might {unknown}
 z - a potion of ambrosia {unknown}
 D - a potion of mutation {unknown}
 E - a potion of attraction {unknown}
 F - a potion of curing {unknown}


   Skills:
 + Level 5.2 Fighting
 + Level 7.5 Axes
 + Level 4.1 Armour
 + Level 2.4 Dodging
 + Level 0.8 Stealth


You had 6 spell levels left.
You didn't know any spells.
Your spell library was empty.

Dungeon Overview and Level Annotations

Branches:
Dungeon (5/15)             Temple (0/1) D:5

Altars:

Annotations:
D:5 1 runed translucent door, H0rd4k's ghost, novice OpTm


Message History

The ogre barely misses you.
You hit the ogre.
The ogre is almost dead.
The ogre barely misses you.
You hit the ogre but do no damage.
The ogre is almost dead.
You barely miss the ogre.
The ogre is almost dead.
The ogre hits you with a cursed -3 giant spiked club!!
You are too injured to fight recklessly!
You are too injured to fight recklessly!
You barely miss the ogre.
The ogre is almost dead.
The ogre barely misses you.
You closely miss the ogre.
The ogre is almost dead.
You completely miss the ogre.
The ogre is almost dead.
The ogre hits you with a cursed -3 giant spiked club!!
You die...

....# ..............
..#.# ..............
..#.#####..........#
...................#####
...#####........)....>..
...#####................
.......#........##......
.......#........).......
.......#........@O......
.#######...###..........
.# #####...###..........
.# #........##..........
.# #........##..........
.###........######......
............############
.....>...............####
........................#


You could see an ogre.

Vanquished Creatures
  A centaur (D:5)
  A water moccasin skeleton (D:4)
  A centaur skeleton (D:4)
  2 hounds
  3 orc priests
  An iguana (D:4)
  3 adders
  2 ufetubi
  An ooze (D:1)
  An adder skeleton (D:5)
  A worm (D:3)
  5 leopard geckos
  12 orcs
  A ball python (D:5)
  5 giant cockroaches
  6 goblins
  7 hobgoblins
  6 jackals
  7 kobolds
  A quokka (D:4)
  8 bats
  5 frilled lizards
  7 rats
87 creatures vanquished.

Notes
Turn   | Place    | Note
-------+----------+-------------------------------------------
     0 | D:1      | Almogavar the Hill Orc Berserker began the quest for the
                  | Orb.
     0 | D:1      | Reached XP level 1. HP: 19/19 MP: 1/1
    35 | D:1      | Reached XP level 2. HP: 23/27 MP: 2/2
   518 | D:1      | Reached XP level 3. HP: 33/33 MP: 3/3
   873 | D:2      | Reached ** piety under Trog
   874 | D:2      | Reached skill level 5 in Axes
   893 | D:2      | Reached XP level 4. HP: 12/41 MP: 4/4
  1721 | D:3      | Reached XP level 5. HP: 43/47 MP: 5/5
  1803 | D:3      | Reached skill level 6 in Axes
  2242 | D:3      | Found a faded altar of an unknown god.
  2619 | D:4      | Reached XP level 6. HP: 49/55 MP: 6/6
  2817 | D:4      | Reached skill level 5 in Fighting
  3265 | D:4      | Reached *** piety under Trog
  3328 | D:4      | Reached skill level 7 in Axes
  3486 | D:5      | Entered Level 5 of the Dungeon
  3486 | D:5      | Found a runed translucent door.
  3486 | D:5      | Noticed H0rd4k's ghost (novice OpTm)
  3504 | D:5      | Found a staircase to the Ecumenical Temple.
  3601 | D:5      | Reached XP level 7. HP: 46/61 MP: 7/7
  3849 | D:5      | Slain by an ogre

Illustrated notes

Levels and vault maps discovered:
D:1:      minmay_arrival_arboretum_small, layout_loops_cross
D:2:      layout_basic
D:3:      layout_rooms, chequers_ecumenical_altar_simple
D:4:      layout_basic, serial_bayou_crossing
D:5:      layout_basic, minmay_temple_entry_statues_pillars,
          gammafunk_ghost_grave, wad_floor_pattern_2, uniq_edmund, uniq_duvessa,
          uniq_eustachio

Skill      XL: |  1  2  3  4  5  6 |
---------------+-------------------+-----
Fighting       | 4 5 |  5.2
Axes           | 5 6 7 |  7.5
Dodging        | 2 |  2.4
Armour         | 3 4 |  4.1
Stealth        | |  0.8

Action                   |  1- 3 |  4- 6 |  7- 9 || total
-------------------------+-------+-------+-------++-------
Melee: Hand axe          |    83 |   194 |    41 ||   318
Invok: Berserk           |     1 |     3 |     1 ||     5
       Trog's Hand       |       |     1 |       ||     1
  Use: Scroll            |       |     6 |       ||     6
 Stab: Sleeping          |       |     1 |       ||     1
Armor: Animal skin       |     7 |       |       ||     7
       Leather armour    |    10 |    12 |       ||    22
       Ring mail         |       |    63 |     5 ||    68
Dodge: Dodged            |    52 |   113 |    16 ||   181
